 Dungeon Sprint DCSS version 0.24.0-123-gd5b16e6ec5 (webtiles) character file.

Game seed: 1494565598686666557, levelgen mode: deterministic

317057 McKennaii the Gargoyle Porcupine (level 19, -27/151 HPs)
             Began as a Gargoyle Gladiator on Jan 25, 2020.
             Was the Champion of Cheibriados.
             Annihilated by an Orb Guardian (37 damage)
             ... in the Dungeon (Sprint IX: "|||||||||||||||||||||||||||||").
             The game lasted 00:46:48 (5553 turns).

McKennaii the Gargoyle Porcupine (GrGl)             Turns: 5553, Time: 00:46:48

Health: -27/151    AC: 48    Str: 45    XL:     19   Next: 92%
Magic:  3/36       EV: 25    Int: 22    God:    Cheibriados [******]
Gold:   1530       SH:  0    Dex: 29    Spells: 18/18 levels left

rFire    . . .     SeeInvis .   D - +8 glaive of Jefiemn {freeze, Str+4}
rCold    + + .     Gourm    .   (shield currently unavailable)
rNeg     + + .     Faith    .   E - +2 plate armour "Koeloywn" {rC+ MR+ Regen+}
rPois    ∞         Spirit   .   F - +2 helmet
rElec    +         Reflect  .   (no cloak)
rCorr    .         Harm     .   v - +1 pair of gloves
MR       +++..     NoTele   +   s - +0 pair of boots {Stlth+}
Stlth    +.........             K - amulet of regeneration
HPRegen  1.15/turn              J - ring of Mumavoas {+Inv rC+ rN+ MR+}
MPRegen  0.25/turn              C - ring "Qyqe Wudami" {Int-2 Dex+3 Slay+5}

@: very slow
A: big wings, negative energy resistance 1, electricity resistance, unbreathing,
petrification resistance, rot immunity, AC +14
}: 5/17 runes: decaying, serpentine, barnacled, silver, gossamer
a: Fly, Bend Time, Temporal Distortion, Slouch, Step From Time, Renounce
Religion, Evoke Invisibility


You were in the Dungeon.
You worshipped Cheibriados.
Cheibriados was exalted by your worship.
You were not hungry.

You visited 1 branch You collected 1960 gold pieces.
You spent 430 gold pieces at shops.

Inventory:

Hand Weapons
 D - the +8 glaive of Jefiemn (weapon) {freeze, Str+4}
   (You found it in the Dungeon)

   It has been specially enchanted to freeze those struck by it, causing extra
   injury to most foes and up to half again as much damage against particularly
   susceptible opponents.
   It can also slow down cold-blooded creatures.
   It affects your strength (+4).
 I - a +2 bardiche
 M - the +5 bardiche of the Dark Horse {antimagic, Str+4 Dex+3}
   (You found it in the Dungeon)

   It reduces the magical energy of the wielder, and disrupts the spells and
   magical abilities of those hit.
   Natural abilities and divine invocations are not affected.
   It affects your strength (+4).
   It affects your dexterity (+3).
 N - the +9 heavy crossbow "Sniper" {velocity, Acc+∞ SInv}
   (You found it in the Dungeon)

   Any bolt fired from it inflicts extra damage.
   It lets you see invisible.
 U - a +2 demon trident of freezing
 V - a +5 triple crossbow of velocity
Missiles
 d - 3 throwing nets (quivered)
 o - 181 bolts
Armour
 s - a +0 pair of boots of stealth (worn)
 u - +4 gold dragon scales
 v - a +1 pair of gloves (worn)
 E - the +2 plate armour "Koeloywn" (worn) {rC+ MR+ Regen+}
   (You found it in the Dungeon)

   It protects you from cold.
   It affects your resistance to hostile enchantments.
   It increases your rate of regeneration.
 F - a +2 helmet (worn)
 O - the +0 pair of gloves "Foocvene" {rC+ MR- Dex+7}
   (You found it in the Dungeon)

   It affects your dexterity (+7).
   It protects you from cold.
   It affects your resistance to hostile enchantments.
 W - a +3 large shield of protection
Jewellery
 r - the ring "Ucluthrin" {rPois rN++ Str+3}
   (You found it in the Dungeon)

   [ring of strength]

   It affects your strength (+3).
   It protects you from poison.
   It greatly protects you from negative energy.
 w - an uncursed ring of see invisible
 C - the ring "Qyqe Wudami" (right hand) {Int-2 Dex+3 Slay+5}
   (You found it in the Dungeon)

   [ring of dexterity]

   It affects your intelligence (-2).
   It affects your dexterity (+3).
   It affects your accuracy and damage with ranged weapons and melee attacks
   (+5).
 J - the ring of Mumavoas (left hand) {+Inv rC+ rN+ MR+}
   (You found it in the Dungeon)

   [ring of protection from magic]

   It protects you from cold.
   It protects you from negative energy.
   It affects your resistance to hostile enchantments.
   It lets you turn invisible.
 K - an amulet of regeneration (around neck)
 L - an uncursed ring of resist corrosion
 R - the cursed necklace of Bloodlust {*Rage +Rage MR++ Int-3 Slay+6 *Curse}
   (You found it in the Dungeon)

   [amulet of rage]

   It affects your intelligence (-3).
   It affects your accuracy and damage with ranged weapons and melee attacks
   (+6).
   It affects your resistance to hostile enchantments.
   It lets you go berserk.
   It may make you go berserk in combat.
   It curses itself when equipped.
   It has a curse placed upon it.
Wands
 n - a wand of iceblast (5)
 A - a wand of disintegration (10)
 B - a wand of scattershot (6)
Scrolls
 k - 6 scrolls of blinking
 l - 10 scrolls of remove curse
 m - 3 scrolls of amnesia
 p - a scroll of identify
 q - 10 scrolls of enchant armour
 t - 5 scrolls of fear
 x - a scroll of immolation {unknown}
 y - 2 scrolls of magic mapping {unknown}
 H - 6 scrolls of enchant weapon
 Q - a scroll of vulnerability {unknown}
Potions
 a - 2 potions of flight {unknown}
 b - 2 potions of mutation
 c - a potion of might
 e - 8 potions of curing
 g - 9 potions of heal wounds
 h - 8 potions of haste
 i - 4 potions of magic
 j - a potion of invisibility
 z - 2 potions of agility {unknown}
 G - 5 potions of resistance
 S - a potion of lignification {unknown}
 T - a potion of brilliance {unknown}
Miscellaneous
 P - the horn of Geryon
Comestibles
 f - 12 rations


   Skills:
 O Level 27 Fighting
 O Level 27 Polearms
 O Level 27 Crossbows
 - Level 1.7 Throwing
 O Level 27 Armour
 * Level 15.0 Dodging
 + Level 7.1 Stealth
 O Level 27 Invocations
 * Level 15.0 Evocations


You had 18 spell levels left.
You didn't know any spells.
Your spell library contained the following spells:

 Spells                   Type           Power        Failure   Level  Hunger
 Corona                   Hex            #......      32%         1    ##.....
 Ensorcelled Hibernation  Hex/Ice        #.....       45%         2    ###....
 Confuse                  Hex            #.......     69%         3    ####...
 Dazzling Spray           Conj/Hex       #.....       69%         3    ####...
 Tukima's Dance           Hex            #.......     69%         3    ####...


Dungeon Overview and Level Annotations

Branches:
Dungeon (1/1)

Altars:
Cheibriados
Dithmenos
Elyvilon
Fedhas
Gozag
Hepliaklqana
Kikubaaqudgha
Makhleb
Nemelex Xobeh
Okawaru
Qazlal
Ru
Sif Muna
Trog
Uskayaw
Vehumet
Wu Jian
Xom
Yredelemnul
Zin
The Shining One
Beogh
Jiyva
Lugonu

Shops:
D :*!*


Innate Abilities, Weirdness & Mutations

You are resistant to torment.
Your stone body is resilient. (AC +14)
You are immune to poison.
Your large and strong wings let you fly indefinitely.
You resist negative energy. (rN+)
You are resistant to electric shocks. (rElec)
You can survive without breathing.
You are immune to petrification.
You are immune to rotting.


Message History

Your Evocations skill increases to level 15!
The Orb Guardian misses you.
Unknown command.
You chop the Orb Guardian into pieces!!!
You freeze the Orb Guardian!
The Orb Guardian is heavily wounded.
The Orb Guardian hits you!!!
* * * LOW HITPOINT WARNING * * *
Unknown command.
You feel much better. The Orb Guardian misses you.
The Orb Guardian completely misses you.
Unknown command.
You feel much better.
The Orb Guardian hits you but does no damage.
The Orb Guardian completely misses you. The Orb Guardian hits you!!
* * * LOW HITPOINT WARNING * * *
You feel much better. The Orb Guardian hits you!!!
* * * LOW HITPOINT WARNING * * *
The Orb Guardian hits you!!!
You die...

)▓.▓)▓.▓=▓.▓.▓.▓.▓
.▓.▓.▓.▓=▓.▓.▓.▓.▓
.▓.▓.▓)▓=▓.▓[▓.▓.▓
.▓.▓.▓.▓.▓.▓)▓.▓.▓
.▓.▓.▓.▓"▓[▓)▓.▓.▓
.▓)▓.▓.▓.▓.▓)▓.▓.▓
.▓.▓.▓.▓.▓.▓)▓.▓.▓
.▓.▓.▓.▓.▓.▓†▓.▓.▓
.▓.▓.▓.▓.▓.▓.▓.▓@▓
.▓.▓)▓.▓)▓.▓.▓.▓X▓
'▓.▓)▓.▓.▓.▓.▓.▓y▓
)▓)▓.▓.▓)▓.▓.▓.▓.▓
(▓.▓.▓.▓)▓.▓.▓.▓.▓
)▓.▓.▓)▓)▓.▓.▓.▓.▓
)▓.▓.▓.▓)▓.▓.▓.▓.▓
)▓.▓.▓)▓.▓.▓'▓.▓.▓
.▓.▓.▓)▓.▓.▓[▓.▓


You could see an Orb Guardian (berserk) and a moth of wrath.

Vanquished Creatures
  Mara (D)
  Mennas (D)
  3 ancient liches (D)
  Margery (D)
  Saint Roka (D)
  Frederick (D)
  Boris (D)
  Xtahua (D)
  A curse toe (D)
  Geryon (D)
  2 golden dragons (D)
  Jory (D)
  3 tentacled monstrosities (D)
  A quicksilver dragon (D)
  13 Orb Guardians (D)
  Frances (D)
  A death cob (D)
  A large abomination (D)
  A sphinx (D)
  5 storm dragons (D)
  A thorn hunter (D)
  6 shadow dragons (D)
  A tengu reaver (D)
  Ilsuiw (D)
  5 nagarajas (D)
  2 ghost moths (D)
  3 draconian scorchers (D)
  3 vault wardens (D)
  A frost giant (D)
  3 emperor scorpions (D)
  A ghost moth (shapeshifter) (D)
  Louise (D)
  4 draconian knights (D)
  2 draconian shifters (D)
  A draconian annihilator (D)
  A draconian stormcaller (D)
  A very ugly thing (D)
  3 ironheart preservers (D)
  A spriggan defender (D)
  5 stone giants (D)
  5 green draconians (D)
  A black draconian (D)
  A white draconian (D)
  5 purple draconians (D)
  A yellow draconian (D)
  3 red draconians (D)
  2 spark wasps (D)
  4 ettins (D)
  2 merfolk javelineers (D)
  2 great orbs of eyes (D)
  5 fire dragons (D)
  3 yaktaur captains (D)
  5 merfolk impalers (D)
  A deep elf high priest (D)
  5 hydras (D)
  2 ice dragons (D)
  3 naga warriors (D)
  A centaur warrior (D)
  2 rakshasas (D)
  An anaconda (D)
  A ghost crab (D)
  A merfolk avatar (D)
  25 vault guards (D)
  A catoblepas (D)
  2 two-headed ogres (D)
  3 merfolk aquamancers (D)
  4 ogre magi (D)
  A deep troll shaman (D)
  A death knight (D)
  A tengu warrior (D)
  A deep troll earth mage (D)
  An orc high priest (D)
  A spriggan berserker (D)
  A vampire mage (D)
  Sonja (D)
  3 hell knights (D)
  Nergalle (D)
  A naga ritualist (D)
  3 sea snakes (D)
  7 swamp dragons (D)
  3 unseen horrors (D)
  2 wizards (D)
  A glowing orange brain (D)
  2 ironbrand convokers (D)
  A necromancer (D)
  A deep elf archer (D)
  A harpy (D)
  5 orc knights (D)
  2 mana vipers (D)
  4 ugly things (D)
  2 orb spiders (D)
  3 wolf spiders (D)
  8 orc sorcerers (D)
  6 moths of wrath (D)
  A manticore (D)
  5 guardian serpents (D)
  2 black mambas (D)
  2 naga magi (D)
  7 spiny frogs (D)
  3 vault sentinels (D)
  A komodo dragon (D)
  3 yaktaurs (D)
  7 demonic crawlers (D)
  A freezing wraith (D)
  2 guardian mummies (D)
  A merfolk (D)
  A wind drake (D)
  A tyrant leech (D)
  A jumping spider (D)
  2 slime creatures (D)
  3 blink frogs (D)
  2 snapping turtles (D)
  A hippogriff (D)
  A hippogriff (shapeshifter) (D)
  4 redbacks (D)
  A wyvern (D)
  A hog (shapeshifter) (D)
  2 basilisks (D)
  2 yaks (D)
  Grum (D)
  4 vampire mosquitoes (D)
  A naga (D)
  An acid dragon (D)
  3 water moccasins (D)
  2 swamp drakes (D)
  2 porcupines (D)
  A swamp drake (shapeshifter) (D)
  2 ice beasts (D)
  11 orc warriors (D)
  A phantom (D)
  An ogre (D)
  5 wolves (D)
  5 crocodiles (D)
  A big kobold (D)
  A big kobold (shapeshifter) (D)
  A wight (D)
  3 crimson imps (D)
  A quasit (D)
  A jelly (D)
  2 orc priests (D)
  7 orc wizards (D)
  An ooze (D)
  An adder skeleton (D)
  15 orcs (D)
  A bat (D)
  A bat skeleton (D)
  A bat zombie (D)
  A hobgoblin (D)
  2 goblins (D)
379 creatures vanquished.

Vanquished Creatures (others)
  A merfolk aquamancer (D)
  A swamp drake (D)
2 creatures vanquished.

Grand Total: 381 creatures vanquished

Notes
Turn   | Place    | Note
-------+----------+-------------------------------------------
     0 | D        | McKennaii the Gargoyle Gladiator began the quest for the
                  | Orb.
     0 | D        | Reached XP level 1. HP: 12/12 MP: 1/1
    14 | D        | Reached XP level 2. HP: 17/18 MP: 2/2
    24 | D        | Noticed a crimson imp
    30 | D        | Reached skill level 5 in Polearms
    30 | D        | Reached XP level 3. HP: 23/23 MP: 3/3
    44 | D        | Reached skill level 1 in Stealth
    44 | D        | Reached XP level 4. HP: 28/28 MP: 4/4
    72 | D        | Found a roughly hewn altar of Beogh.
    72 | D        | Found a snail-covered altar of Cheibriados.
    72 | D        | Found a shadowy altar of Dithmenos.
    72 | D        | Found a white marble altar of Elyvilon.
    72 | D        | Found a blossoming altar of Fedhas.
    72 | D        | Found an opulent altar of Gozag.
    73 | D        | Found a hazy altar of Hepliaklqana.
    74 | D        | Found a viscous altar of Jiyva.
    75 | D        | Found an ancient bone altar of Kikubaaqudgha.
    76 | D        | Became a worshipper of Cheibriados the Contemplative
    77 | D        | Found a corrupted altar of Lugonu.
    78 | D        | Found a burning altar of Makhleb.
    79 | D        | Found a sparkling altar of Nemelex Xobeh.
    80 | D        | Found an iron altar of Okawaru.
    81 | D        | Found a stormy altar of Qazlal.
    82 | D        | Found a sacrificial altar of Ru.
    83 | D        | Found a shimmering blue altar of Sif Muna.
    84 | D        | Found a bloodstained altar of Trog.
    85 | D        | Found a hide-covered altar of Uskayaw.
    86 | D        | Found a radiant altar of Vehumet.
    87 | D        | Found an ornate altar of the Wu Jian Council.
    88 | D        | Found a shimmering altar of Xom.
    89 | D        | Found a basalt altar of Yredelemnul.
    90 | D        | Found a glowing silver altar of Zin.
    91 | D        | Found a glowing golden altar of the Shining One.
   127 | D        | Noticed a big kobold
   127 | D        | Noticed an ice beast
   127 | D        | Noticed a phantom
   127 | D        | Noticed an ogre
   131 | D        | Killed a big kobold
   131 | D        | Reached XP level 5. HP: 34/34 MP: 5/5
   139 | D        | Killed an unseen horror
   139 | D        | Reached * piety under Cheibriados
   139 | D        | Reached skill level 1 in Armour
   139 | D        | Reached XP level 6. HP: 24/42 MP: 6/6
   139 | D        | Reached XP level 7. HP: 27/47 MP: 7/7
   165 | D        | Reached ** piety under Cheibriados
   165 | D        | Reached XP level 8. HP: 33/52 MP: 8/8
   272 | D        | Noticed a tengu warrior
   272 | D        | Noticed a catoblepas
   272 | D        | Noticed a two-headed ogre
   287 | D        | Killed a tengu warrior
   289 | D        | Killed a catoblepas
   289 | D        | Reached *** piety under Cheibriados
   289 | D        | Reached skill level 15 in Polearms
   289 | D        | Reached XP level 9. HP: 45/58 MP: 9/9
   303 | D        | Killed a two-headed ogre
   304 | D        | Reached **** piety under Cheibriados
   557 | D        | Reached ***** piety under Cheibriados
   560 | D        | Reached XP level 10. HP: 63/65 MP: 10/10
   567 | D        | Reached skill level 1 in Invocations
   572 | D        | Reached ****** piety under Cheibriados
   713 | D        | Noticed a six-headed hydra
   722 | D        | Killed a six-headed hydra
   722 | D        | Noticed a spiny frog
   727 | D        | Killed a spiny frog
   814 | D        | Noticed a spiny frog
   814 | D        | Noticed a spiny frog
   814 | D        | Noticed a spiny frog
   814 | D        | Noticed a spiny frog
   815 | D        | Killed a spiny frog
   822 | D        | Killed a spiny frog
   822 | D        | Reached skill level 5 in Invocations
   830 | D        | Killed a spiny frog
   830 | D        | Reached skill level 10 in Fighting
   830 | D        | Reached XP level 11. HP: 63/72 MP: 13/15
   832 | D        | Reached skill level 5 in Armour
  1076 | D        | Noticed Grum
  1083 | D        | Killed Grum
  1234 | D        | Noticed an orc knight
  1248 | D        | Killed an orc knight
  1252 | D        | Noticed an orc high priest
  1260 | D        | Noticed an orc knight
  1261 | D        | Killed an orc high priest
  1270 | D        | Killed an orc knight
  1378 | D        | Found Vutu's Book Emporium.
  1378 | D        | Noticed an orc sorcerer
  1378 | D        | Noticed an orc sorcerer
  1379 | D        | Noticed an orc sorcerer
  1382 | D        | Killed an orc sorcerer
  1384 | D        | Noticed an orc sorcerer
  1392 | D        | Killed an orc sorcerer
  1392 | D        | Killed an orc sorcerer
  1392 | D        | Killed an orc sorcerer
  1393 | D        | Found Baticuw's Assorted Antiques.
  1395 | D        | Noticed an orc sorcerer
  1396 | D        | Found Vorusheo's Distillery.
  1407 | D        | Killed an orc sorcerer
  1662 | D        | Found Wauca's General Store.
  1667 | D        | Noticed an orc sorcerer
  1669 | D        | Noticed an orc sorcerer
  1670 | D        | Noticed an orc sorcerer
  1676 | D        | Killed an orc sorcerer
  1676 | D        | Reached XP level 12. HP: 67/81 MP: 12/18
  1677 | D        | Bought a bronze ring for 105 gold pieces
  1677 | D        | Bought a scroll labeled IMU DUMILE for 21 gold pieces
  1677 | D        | Bought a scroll labeled GEHAZA ZIFOSIR for 21 gold pieces
  1677 | D        | Bought a white potion for 18 gold pieces
  1677 | D        | Bought a shiny lead wand for 84 gold pieces
  1677 | D        | Bought a white potion for 18 gold pieces
  1677 | D        | Bought a scroll labeled GEHAZA ZIFOSIR for 21 gold pieces
  1687 | D        | Bought a scroll of identify for 22 gold pieces
  1687 | D        | Bought a scroll of blinking for 82 gold pieces
  1687 | D        | Bought a scroll of fear for 38 gold pieces
  1756 | D        | Noticed Sonja
  1765 | D        | Killed Sonja
  1765 | D        | Reached skill level 10 in Invocations
  1821 | D        | Got the +8 glaive of Jefiemn {freeze, Str+4}
  1827 | D        | Got the +2 plate armour "Koeloywn" {rC+ MR+ Regen+}
  1894 | D        | Noticed a two-headed ogre
  1910 | D        | Killed a two-headed ogre
  1941 | D        | Noticed a deep troll earth mage
  1941 | D        | Noticed a rakshasa
  1945 | D        | Killed a deep troll earth mage
  1947 | D        | Noticed a rakshasa
  1952 | D        | Noticed an ogre mage
  1953 | D        | Killed a rakshasa
  1958 | D        | Killed a rakshasa
  1965 | D        | Killed an ogre mage
  2097 | D        | Noticed Saint Roka
  2111 | D        | Killed Saint Roka
  2111 | D        | Reached XP level 13. HP: 40/89 MP: 13/23
  2205 | D        | Noticed a merfolk impaler
  2212 | D        | Reached skill level 10 in Armour
  2221 | D        | Killed a merfolk impaler
  2236 | D        | Reached skill level 15 in Invocations
  2393 | D        | Reached skill level 15 in Fighting
  2443 | D        | Noticed a thorn hunter
  2450 | D        | Killed a thorn hunter
  2600 | D        | Noticed an ettin
  2600 | D        | Noticed a yaktaur captain
  2600 | D        | Noticed a fire dragon
  2600 | D        | Noticed an ettin
  2600 | D        | Noticed a frost giant
  2602 | D        | Noticed a stone giant
  2604 | D        | Killed an ettin
  2604 | D        | Killed a yaktaur captain
  2604 | D        | Gained mutation: Your large and strong wings let you fly
                  | indefinitely. [Gargoyle growth]
  2604 | D        | Reached XP level 14. HP: 69/100 MP: 9/25
  2606 | D        | Noticed a storm dragon
  2607 | D        | Killed a frost giant
  2612 | D        | Killed a stone giant
  2627 | D        | Killed a storm dragon
  2820 | D        | Noticed a stone giant
  2826 | D        | Killed a stone giant
  2831 | D        | Killed a ghost moth
  2997 | D        | Noticed Xtahua
  3004 | D        | Killed Xtahua
  3004 | D        | Reached XP level 15. HP: 81/109 MP: 26/28
  3102 | D        | Found the +9 heavy crossbow "Sniper" {velocity, Acc+∞ SInv}
  3145 | D        | Got the +0 pair of gloves "Foocvene" {rC+ MR- Dex+7}
  3254 | D        | Noticed Mennas
  3279 | D        | Killed Mennas
  3362 | D        | Noticed a nagaraja
  3362 | D        | Noticed a nagaraja
  3363 | D        | Noticed a nagaraja
  3373 | D        | Killed a nagaraja
  3379 | D        | Killed a nagaraja
  3379 | D        | Reached skill level 5 in Crossbows
  3382 | D        | Killed a nagaraja
  3393 | D        | Noticed a nagaraja
  3395 | D        | Noticed a nagaraja
  3400 | D        | Killed a nagaraja
  3403 | D        | Killed a nagaraja
  3403 | D        | Reached skill level 15 in Armour
  3440 | D        | Got a serpentine rune of Zot
  3448 | D        | Noticed Ilsuiw
  3458 | D        | Killed Ilsuiw
  3509 | D        | Got a barnacled rune of Zot
  3601 | D        | Reached XP level 16. HP: 105/120 MP: 9/29
  3639 | D        | Reached skill level 27 in Polearms
  3651 | D        | Got a decaying rune of Zot
  3731 | D        | Reached skill level 10 in Crossbows
  3800 | D        | Got a gossamer rune of Zot
  3914 | D        | Noticed Frances
  3928 | D        | Killed Frances
  3956 | D        | Noticed Margery
  3965 | D        | Killed Margery
  4159 | D        | Noticed a tengu reaver
  4159 | D        | Noticed a sphinx
  4165 | D        | Killed a tengu reaver
  4165 | D        | Reached XP level 17. HP: 121/132 MP: 31/31
  4177 | D        | Killed a sphinx
  4197 | D        | Noticed Geryon
  4213 | D        | Reached skill level 15 in Crossbows
  4222 | D        | Killed Geryon
  4326 | D        | Noticed an ancient lich
  4326 | D        | Noticed a tentacled monstrosity
  4327 | D        | Found the +4 dagger "Morg" {pain, MR+ Int+5}
  4327 | D        | Found the cursed necklace of Bloodlust {*Rage +Rage MR++
                  | Int-3 Slay+6 *Curse}
  4329 | D        | Noticed an ancient lich
  4336 | D        | Noticed an ancient lich
  4339 | D        | Killed an ancient lich
  4344 | D        | Killed a tentacled monstrosity
  4344 | D        | Reached skill level 27 in Fighting
  4353 | D        | Killed an ancient lich
  4357 | D        | Killed an ancient lich
  4368 | D        | Reached XP level 18. HP: 65/145 MP: 20/34
  4425 | D        | Got a silver rune of Zot
  4440 | D        | Identified a +2 pair of boots of running (You found it in
                  | the Dungeon)
  4492 | D        | Noticed Louise
  4496 | D        | Killed Louise
  4497 | D        | Noticed Jory
  4505 | D        | Noticed Frederick
  4511 | D        | Killed Jory
  4517 | D        | Killed Frederick
  4517 | D        | Reached skill level 1 in Evocations
  4541 | D        | Noticed Mara
  4543 | D        | Noticed McKennaii's illusion
  4551 | D        | Killed Mara
  4580 | D        | Got the ring of Mumavoas {+Inv rC+ rN+ MR+}
  4585 | D        | Got the ring "Qyqe Wudami" {Int-2 Dex+3 Slay+5}
  4590 | D        | Got the ring "Xytyim" {Str+3 Int+2}
  4593 | D        | Got the ring "Ucluthrin" {rPois rN++ Str+3}
  4595 | D        | Got the amulet "Sibifeo" {Reflect *Contam MR+ Int+2 SH+3}
  4603 | D        | Got the +5 bardiche of the Dark Horse {antimagic, Str+4
                  | Dex+3}
  4699 | D        | Noticed Nergalle
  4706 | D        | Killed Nergalle
  4840 | D        | Noticed Boris
  4843 | D        | Killed Boris
  4865 | D        | Noticed a tentacled monstrosity
  4869 | D        | Killed a tentacled monstrosity
  4881 | D        | Reached skill level 27 in Invocations
  4931 | D        | Noticed a golden dragon
  4935 | D        | Killed a golden dragon
  4939 | D        | Reached skill level 5 in Evocations
  4980 | D        | Reached skill level 5 in Stealth
  5022 | D        | Noticed a tentacled monstrosity
  5022 | D        | Noticed a quicksilver dragon
  5032 | D        | Killed a tentacled monstrosity
  5040 | D        | Killed a quicksilver dragon
  5046 | D        | Reached skill level 10 in Dodging
  5085 | D        | Reached XP level 19. HP: 132/151 MP: 31/36
  5262 | D        | Noticed a curse toe
  5266 | D        | Killed a curse toe
  5275 | D        | Reached skill level 27 in Armour
  5482 | D        | Reached skill level 10 in Evocations
  5520 | D        | Noticed a golden dragon
  5528 | D        | Killed a golden dragon
  5528 | D        | Reached skill level 27 in Crossbows
  5549 | D        | Reached skill level 15 in Dodging
  5549 | D        | Reached skill level 15 in Evocations
  5550 | D        | HP: 4/151 [Orb Guardian (38)]
  5553 | D        | Annihilated by an Orb Guardian

Levels and vault maps discovered:
D:        linesprint [early_d, line_temple, items_1, d_10, items_2, lair_1,
          lair_end, items_3, orc_1, orc_end, items_4, d_15, swamp_1, shoals_1,
          snake_1, spider_1, d_20, vaults_1, items_5, swamp_end, shoals_end,
          snake_end, spider_end, vaults_end, d_27, items_6, zot_1, zot_end,
          crypt_end, forest_end, elf_end, slime_end, tomb_end, abyss_end,
          pan_hell_end]

Skill      XL: |  1  2  3  4  5  6  7  8  9 10 11 12 13 14 15 16 17 18 19 |
---------------+----------------------------------------------------------+-----
Polearms       | 3 5 6 8 12 15 16 18 20 21 22 25 26 27 | 27.0
Dodging        | 3 4 6 7 8 9 10 15 | 15.0
Fighting       | 3 4 6 7 8 10 12 13 16 18 20 23 27 | 27.0
Stealth        | 1 2 3 5 7 |  7.1
Armour         | 1 2 4 7 9 12 13 16 18 21 25 27 | 27.0
Invocations    | 5 9 14 15 18 21 24 27 | 27.0
Crossbows      | 8 14 18 23 27 | 27.0
Evocations     | 7 15 | 15.0
Throwing       | |  1.7

Action                   |  1- 3 |  4- 6 |  7- 9 | 10-12 | 13-15 | 16-18 | 19-21 || total
-------------------------+-------+-------+-------+-------+-------+-------+-------++-------
Melee: Trident           |    31 |    13 |       |     5 |       |       |       ||    49
       Halberd           |       |    12 |    76 |   194 |       |       |       ||   282
       Glaive            |       |       |       |    52 |   311 |   439 |   121 ||   923
       Demon trident     |       |       |       |       |       |    23 |       ||    23
 Fire: Heavy crossbow    |       |       |       |       |     2 |     6 |       ||     8
Throw: Throwing net      |       |       |       |       |       |     1 |       ||     1
Invok: Slouch            |       |       |       |    11 |    11 |    15 |     9 ||    46
Evoke: Wand              |       |       |       |       |       |     5 |       ||     5
  Use: Potion            |     1 |       |     1 |     2 |     2 |       |     5 ||    11
       Scroll            |       |       |       |       |       |       |     1 ||     1
 Stab: Distracted        |     1 |       |       |       |       |       |       ||     1
       Petrified         |       |       |     1 |       |       |       |       ||     1
  Eat: Chunk             |       |       |       |     2 |     5 |     6 |     2 ||    15
Armor: Leather armour    |    19 |    12 |    20 |       |       |       |       ||    51
       Plate armour      |       |       |       |    67 |   161 |   183 |    55 ||   466
Dodge: Dodged            |    17 |    14 |    42 |   123 |   172 |   204 |    49 ||   621
